 Dungeon Crawl Stone Soup version 0.14-a0-2737-gb10a4c8 (webtiles) character file.

91701 Psilosybiini the Black Belt (level 15, -8/98 HPs)
             Began as a Gargoyle Monk on Feb 22, 2014.
             Was the Champion of Makhleb.
             Mangled by a red devil
             ... wielding a +0,+0 trident
             ... summoned by Frances
              (12 damage)
             ... on Level 15 of the Dungeon.
             The game lasted 02:20:44 (33261 turns).

Psilosybiini the Black Belt (Gargoyle Monk)        Turns: 33261, Time: 02:20:44

HP  -8/98        AC 22     Str 17      XL: 15   Next: 97%
MP  29/29        EV 24     Int 15      God: Makhleb [******]
Gold 2358        SH  0     Dex 21      Spells:  3 memorised, 19 levels left

rFire  . . .     SeeInvis +       - Unarmed
rCold  + + .     Clarity  +     y - +2 steam dragon armour
rNeg   + . .     Conserve .     (no shield)
rPois  +         rCorr    .     g - +1 hat {rC+}
rElec  +         rRot     +     (no cloak)
SustAb . .       Spirit   .     G - +0 pair of elf gloves
rMut   .         Warding  .     c - +1 pair of boots {rC+}
Saprov . . .     Stasis   .     v - amulet of Gre Roof {Clar Dex+4 Int+5}
MR     ++...                    D - ring of see invisible
                                M - ring of protection from magic

@: about to teleport, very resistant to hostile enchantments, very stealthy
A: large and strong wings, life protection 1, electricity resistance,
unbreathing, petrification resistance, AC +11
a: Fly, Minor Destruction, Lesser Servant of Makhleb, Major Destruction, Greater
Servant of Makhleb, Renounce Religion


You were on level 15 of the Dungeon.
You worshipped Makhleb.
Makhleb was exalted by your worship.
You were very hungry.

You visited 4 branches of the dungeon, and saw 28 of its levels.
You also visited: Labyrinth, Sewer and Ice Cave.

You collected 2620 gold pieces.
You spent 262 gold pieces at shops.

Inventory:

Missiles
 s - 39 stones (quivered)
Armour
 c - a +1 pair of boots of cold resistance (worn)
 g - a +1 hat of cold resistance (worn)
 y - a +2 steam dragon armour (worn)
 G - a +0 pair of elven gloves (worn)
Magical devices
 h - a wand of digging (17)
 i - a wand of confusion (13)
 n - a wand of polymorph (14)
 A - a wand of paralysis (4)
 Q - a wand of cold (3)
Comestibles
 b - 6 bread rations
 r - 6 meat rations
Scrolls
 d - 3 scrolls of teleportation
 f - 5 scrolls of fog
 t - 2 scrolls of blinking
 E - a scroll of magic mapping
 N - 2 scrolls of curse weapon {unknown}
 O - 2 scrolls of fear
 U - 3 scrolls of remove curse
Jewellery
 a - an uncursed ring of protection from fire {unknown}
 e - an uncursed amulet of resist mutation
 o - an uncursed ring of ice
 q - a +4 ring of protection
 v - the amulet of Gre Roof (around neck) {Clar Dex+4 Int+5}
   (You found it in a sewer)

   [amulet of clarity]

   It affects your intelligence (+5).
   It affects your dexterity (+4).
 x - an uncursed ring of teleportation
 D - a ring of see invisible (right hand)
 M - a ring of protection from magic (left hand)
Potions
 j - 5 potions of curing
 k - 4 potions of heal wounds
 m - 4 potions of might
 p - a potion of porridge
 u - 3 potions of cure mutation {unknown}
 w - 2 potions of restore abilities
 z - 2 potions of speed
 B - 2 potions of invisibility
 H - a potion of beneficial mutation {unknown}
 L - 2 potions of flight
 P - 3 potions of berserk rage {unknown}
 R - a potion of confusion {unknown}
Rods
 l - a +0 rod of venom (12/12)
   (You found it on level 7 of the Dungeon)


   Skills:
 - Level 13.0 Fighting
 + Level 12.7 Dodging
 + Level 7.7 Stealth
 - Level 16.0 Unarmed Combat
 - Level 5.0 Spellcasting
 - Level 5.0 Charms
 - Level 4.0 Translocations
 - Level 10.8 Invocations


You had 19 spell levels left.
You knew the following spells:

 Your Spells              Type           Power        Failure   Level  Hunger
a - Apportation           Tloc           ###.......   3%          1    None
b - Summon Butterflies    Summ           #.......     17%         1    None
c - Regeneration          Chrm/Necr      ##........   21%         3    ###....


Dungeon Overview and Level Annotations

Branches:
Dungeon (15/16)            Temple (1/1) D:5             Orc (4/4) D:11
    Elf (0/3) Orc:4          Lair (8/8) D:11          Swamp (0/5) Lair:4
  Snake (0/5) Lair:5        Slime (0/6) Lair:7
 Vaults: D:14-15

Altars:
Ashenzari
Cheibriados
Dithmenos
Elyvilon
Fedhas
Kikubaaqudgha
Makhleb
Nemelex Xobeh
Okawaru
Sif Muna
Trog
Vehumet
Xom
Yredelemnul
Zin
The Shining One

Shops:
D:8 %   D:9 [   D:12 ((!?*   Orc:4 [[![

Annotations:
D:13 exclusion: oklob plant
D:15 Frances


Innate Abilities, Weirdness & Mutations

You are resistant to torment.
You are immune to poison.
You can fly continuously.
Your stone body is very resilient (AC +11).
Your wings are large and strong.
You resist negative energy.
You are resistant to electric shocks.
You can survive without breathing.
You are immune to petrification.


Message History

You hit Frances but do no damage.
Frances is moderately wounded.
Frances mutters in a terrible tongue.
You hit the red devil. Your punch misses the red devil.
The red devil is lightly wounded.
The soul eater disappears in a puff of smoke!
Frances whispers indecipherable words.
The shard of ice hits you! You partially resist.
Read which item? (? for menu, Esc to quit)
As you read the scroll of teleportation, it crumbles to dust.
You feel strangely unstable. Frances hits you with a dire flail!
The red devil misses you.
The red devil hops backward while attacking.
The ynoxinul gestures.
The ufetubus misses you.
The ufetubus hits you but does no damage.
Frances hits you with a dire flail.
The ynoxinul gestures.
The red devil hits you with a trident!
You die...

######.## #.# ####'###
#......# ####......#
#####+## ..........5#
#......# ##......553##
#......#
##.......45###.......#
##......#5@@4'......#
#......######......#
#......)# #......#
..>....# #......#
......# #......+
.....# #......# ..###
##'##### #...## ###.!#


You could see Frances, an iron devil, a ynoxinul, a red devil and 5 ufetubi.

Vanquished Creatures
  An orc warlord (Orc:3)
  Gastronok (Lair:2)
  A minotaur (Lab)
  A naga warrior (Lair:3)
  4 hydras
  4 death yaks
  2 ogre magi (Orc:4)
  A catoblepas (Lair:3)
  Nergalle (Lair:2)
  2 centaur warriors
  An unseen horror (D:13)
  2 deep trolls (Orc:4)
  2 ice statues (IceCv)
  3 ice devils (IceCv)
  12 hill giants
  3 orc sorcerers
  3 cyclopes
  4 griffons
  An item mimic (Orc:1)
  2 guardian serpents
  2 feature mimics
  A spriggan druid (Lair:8)
  Psyche (D:12)
  2 black mambas (Lair:6)
  A fire drake (Lair:8)
  11 spiny frogs
  10 trolls
  8 blink frogs
  13 spriggans (Lair:8)
  A polar bear (Lair:7)
  7 blue devils (IceCv)
  4 komodo dragons
  10 giant fireflies (Lair:8)
  8 two-headed ogres
  A hydra skeleton (D:9)
  A trapdoor spider zombie (D:11)
  13 slime creatures
  4 basilisks
  5 sharks
  10 grizzly bears (Lair:8)
  5 ugly things (D:13)
  A shadow (D:11)
  A trapdoor spider (D:12)
  64 yaks
  2 wyverns (D:9)
  A hog (D:14)
  A deep elf fighter (Orc:4)
  A hungry ghost (D:8)
  10 hippogriffs
  3 fire bats (Orc:2)
  2 vampire mosquitoes (D:14)
  Edmund (D:9)
  2 steam dragons
  A mottled dragon (D:12)
  19 wolves
  A necrophage (D:8)
  A human skeleton (D:14)
  11 nagas
  5 sky beasts
  A yellow wasp (Lair:8)
  8 porcupines
  20 orc warriors
  2 giant goldfish
  3 phantoms
  8 black bears
  A human (D:14)
  2 boring beetles
  13 ice beasts
  10 centaurs
  A manticore skeleton (D:13)
  31 ogres
  13 crocodiles
  5 wargs
  6 giant slugs
  18 water moccasins
  36 giant frogs
  7 agate snails
  2 gnoll sergeants
  A wyvern zombie (D:9)
  4 big kobolds
  A cyclops zombie (D:9)
  A cyclops skeleton (D:8)
  An orc simulacrum (D:14)
  2 electric eels
  19 killer bees
  15 wights
  A yak skeleton (D:10)
  9 crimson imps
  5 goliath beetles
  2 big fish
  24 orc priests
  A giant frog skeleton (D:11)
  4 jellies
  6 scorpions
  13 hounds
  3 centaur skeletons
  7 iguanas
  28 orc wizards
  8 worker ants
  A killer bee zombie (D:8)
  2 ogre zombies
  31 sheep
  A hound skeleton (D:6)
  A worker ant zombie (D:9)
  12 gnolls
  28 adders
  5 giant centipedes
  7 giant mites
  30 green rats
  An orc skeleton (D:9)
  11 white imps (IceCv)
  3 worms
  2 ufetubi (IceCv)
  An adder skeleton (D:8)
  4 grey rats (D:3)
  2 giant eyeballs
  4 oozes
  199 orcs
  20 bats
  14 giant cockroaches
  14 hobgoblins
  28 jackals
  29 kobolds
  8 quokkas
  6 ball pythons
  4 giant geckos
  7 giant newts
  A giant spore (D:12)
  19 goblins
  An orc zombie (D:6)
  19 rats
  A butterfly (D:4)
  A fungus (Lair:5)
  2 plants
1157 creatures vanquished.

Vanquished Creatures (others)
  A white imp (IceCv)
  3 ufetubi (IceCv)
  2 fungi
6 creatures vanquished.

Grand Total: 1163 creatures vanquished

Notes
Turn   | Place    | Note
--------------------------------------------------------------
     0 | D:1      | Psilosybiini, the Gargoyle Monk, began the quest for the Orb.
     0 | D:1      | Reached XP level 1. HP: 14/14 MP: 1/1
   199 | D:1      | Reached XP level 2. HP: 17/19 MP: 2/2
   676 | D:1      | Reached skill level 5 in Unarmed Combat
   832 | D:2      | Reached XP level 3. HP: 18/23 MP: 3/3
  1323 | D:2      | Reached XP level 4. HP: 28/28 MP: 4/4
  1503 | D:3      | Noticed a giant frog
  1559 | D:3      | Killed a giant frog
  1559 | D:3      | Reached skill level 6 in Unarmed Combat
  1559 | D:3      | Reached XP level 5. HP: 11/32 MP: 5/5
  1749 | D:3      | Found a glowing drain.
  1852 | Sewer    | Entered a sewer
  2179 | Sewer    | Reached XP level 6. HP: 37/37 MP: 6/6
  2282 | Sewer    | Reached skill level 7 in Unarmed Combat
  2417 | Sewer    | Got a warped golden amulet
  2459 | Sewer    | Identified the amulet of Gre Roof {Clar Dex+4 Int+5} (You found it in a sewer)
  3059 | D:4      | Reached XP level 7. HP: 37/41 MP: 7/7
  3245 | D:4      | Reached skill level 8 in Unarmed Combat
  3894 | D:4      | Found a sparkling altar of Nemelex Xobeh.
  3984 | D:4      | Reached skill level 9 in Unarmed Combat
  3984 | D:4      | Reached XP level 8. HP: 46/46 MP: 8/8
  4383 | D:5      | Entered Level 5 of the Dungeon
  4612 | D:5      | Found a staircase to the Ecumenical Temple.
  4621 | Temple   | Entered the Ecumenical Temple
  4670 | Temple   | Became a worshipper of Makhleb the Destroyer
  4670 | Temple   | Acquired Makhleb's first power
  4670 | Temple   | Acquired Makhleb's second power
  4743 | D:5      | Reached skill level 5 in Dodging
  4765 | D:5      | Found a glowing golden altar of the Shining One.
  4817 | D:5      | Found an ancient bone altar of Kikubaaqudgha.
  4872 | D:5      | Reached skill level 10 in Unarmed Combat
  5441 | D:6      | Reached XP level 9. HP: 51/51 MP: 9/9
  5526 | D:6      | Found a white marble altar of Elyvilon.
  5560 | D:6      | Reached skill level 11 in Unarmed Combat
  6102 | D:6      | Acquired Makhleb's third power
  6765 | D:7      | Reached skill level 1 in Invocations
  6945 | D:7      | Identified a +0 rod of venom (12/12) (You found it on level 7 of the Dungeon)
  7387 | D:8      | Found Cliak's Food Shop.
  7425 | D:8      | Acquired Makhleb's fourth power
  7485 | D:8      | Found a shattered altar of Ashenzari.
  7986 | D:8      | Reached skill level 12 in Unarmed Combat
  8127 | D:8      | Reached XP level 10. HP: 56/56 MP: 14/16
  8727 | D:9      | Noticed Edmund
  8744 | D:9      | Killed Edmund
  8838 | D:9      | Reached skill level 5 in Invocations
  8955 | D:9      | Found Taunaduk's Antique Armour Shoppe.
  9092 | D:9      | Acquired Makhleb's fifth power
  9937 | D:10     | Entered Level 10 of the Dungeon
 10403 | D:10     | Reached skill level 13 in Unarmed Combat
 10818 | D:10     | Reached XP level 11. HP: 60/60 MP: 21/21
 11040 | D:10     | Noticed a cyclops
 11076 | D:10     | Killed a cyclops
 11400 | D:11     | Noticed a hill giant
 11767 | D:11     | Reached skill level 5 in Fighting
 11969 | D:11     | Found a staircase to the Orcish Mines.
 12068 | D:11     | Found a staircase to the Lair.
 12296 | D:11     | Killed a hill giant
 12549 | D:11     | Noticed a hill giant
 12563 | D:11     | Killed a hill giant
 12574 | D:11     | Found a bloodstained altar of Trog.
 12730 | Lair:1   | Entered Level 1 of the Lair of Beasts
 12920 | Lair:1   | Noticed a four-headed hydra
 12938 | Lair:1   | Killed a four-headed hydra
 12938 | Lair:1   | Reached skill level 14 in Unarmed Combat
 13433 | Lair:1   | Reached XP level 12. HP: 61/72 MP: 23/23
 13874 | Lair:2   | Noticed Nergalle
 13950 | Lair:2   | Noticed Gastronok
 13959 | Lair:2   | Killed Nergalle
 14079 | Lair:2   | Found a labyrinth entrance.
 14087 | Lab      | Entered a labyrinth
 14277 | Lab      | Noticed a minotaur
 14307 | Lab      | Killed a minotaur
 14307 | Lab      | Reached skill level 10 in Dodging
 14641 | Lab      | Got a pair of dazzling gloves
 14644 | Lab      | Identified Xicuuv's Tome of Twisted Calling (You found it in a labyrinth)
 14656 | Lab      | Identified the +4 pair of gloves of Defiance {Str+5 Int-3} (You found it in a labyrinth)
 14885 | Lair:2   | Identified the Disquisition on Bewitchment (You found it on level 2 of the Lair of Beasts)
 14909 | Lair:2   | Killed Gastronok
 16111 | Lair:3   | Noticed a naga warrior
 16182 | Lair:3   | Found a staircase to the Snake Pit.
 16210 | Lair:3   | Killed a naga warrior
 16260 | Lair:3   | the staircase to the Snake Pit was a mimic.
 16413 | Lair:4   | Reached XP level 13. HP: 81/81 MP: 26/26
 16466 | Lair:4   | Got a bloodstained ring mail
 16494 | Lair:4   | Identified the +5 ring mail of the Voivode {rElec} (You found it on level 4 of the Lair of Beasts)
 16535 | Lair:4   | Learned a level 1 spell: Apportation
 16545 | Lair:4   | Learned a level 3 spell: Regeneration
 17010 | Lair:4   | Found a staircase to the Swamp.
 17569 | Lair:5   | Learned a level 1 spell: Summon Butterflies
 17631 | Lair:5   | Reached skill level 10 in Fighting
 17667 | Lair:5   | Reached skill level 10 in Invocations
 17922 | Lair:5   | Reached skill level 1 in Spellcasting
 17922 | Lair:5   | Reached skill level 1 in Charms
 17945 | Lair:5   | Reached skill level 15 in Unarmed Combat
 18082 | Lair:5   | Reached skill level 1 in Translocations
 18399 | Lair:5   | Found a staircase to the Snake Pit.
 19920 | Lair:7   | Found a staircase to the Slime Pits.
 20997 | Lair:7   | Reached skill level 5 in Spellcasting
 20997 | Lair:7   | Reached skill level 5 in Charms
 21772 | Lair:7   | Gained mutation: Your wings are large and strong. [gargoyle growth]
 21772 | Lair:7   | Reached XP level 14. HP: 70/88 MP: 27/27
 21876 | Lair:8   | Entered Level 8 of the Lair of Beasts
 23766 | Orc:1    | Entered Level 1 of the Orcish Mines
 24228 | Orc:2    | Found a dark tunnel.
 24238 | Orc:2    | the dark tunnel was a mimic.
 24570 | Orc:3    | Found a frozen archway.
 24584 | IceCv    | Entered an ice cave
 26852 | Orc:4    | Entered Level 4 of the Orcish Mines
 26967 | Orc:4    | Found a staircase to the Elven Halls.
 27009 | Orc:4    | Reached XP level 15. HP: 93/96 MP: 29/29
 27361 | Orc:4    | Found Jitodgh's Distillery.
 27398 | Orc:4    | Found Shithon's Armour Shop.
 27476 | Orc:4    | Found Quarrain's Antique Armour Shoppe.
 27513 | Orc:4    | Found Thecudaph's Armour Boutique.
 27605 | Orc:4    | Reached skill level 16 in Unarmed Combat
 27875 | Orc:4    | Found a bloodstained altar of Trog.
 28795 | Orc:4    | Bought 2 potions of heal wounds for 78 gold pieces
 28806 | Orc:4    | Bought a potion of might for 32 gold pieces
 29165 | D:12     | Found Vagissug's General Store.
 29225 | D:12     | Found Skuuke's Magic Scroll Emporium.
 29302 | D:12     | Bought a scroll of identify for 32 gold pieces
 29302 | D:12     | Bought a scroll of identify for 32 gold pieces
 29330 | D:12     | Found Kleasapt's Weapon Shop.
 29907 | D:12     | Found Osog's Distillery.
 29931 | D:12     | Found Skuff's Weapon Boutique.
 29935 | D:12     | Noticed Psyche
 29942 | D:12     | Killed Psyche
 30432 | D:13     | Reached skill level 5 in Stealth
 31189 | D:13     | Found a glowing golden altar of the Shining One.
 31202 | D:13     | Identified the Papyrus of Nocuous Battle Magic (You found it on level 13 of the Dungeon)
 31666 | D:12     | Bought a scroll of enchant armour for 88 gold pieces
 32474 | D:14     | Found a shadowy altar of Dithmenos.
 33157 | D:15     | Entered Level 15 of the Dungeon
 33194 | D:15     | Noticed Frances
 33261 | D:15     | HP: 4/98 [Frances/dire flail (3)]
 33261 | D:15     | Mangled by a red devil

Action                   |  1- 3 |  4- 6 |  7- 9 | 10-12 | 13-15 || total
-------------------------+-------+-------+-------+-------+-------++-------
Melee: Unarmed           |   136 |   199 |   554 |  1198 |  2764 ||  4851
Throw: Stone             |       |       |     3 |     6 |     9 ||    18
Invok: Minor Destruction |       |       |       |     3 |       ||     3
       Greater Servant o |       |       |       |       |     1 ||     1
 Abil: Fly               |       |       |       |       |     1 ||     1
       Stop Flying       |       |       |       |       |     1 ||     1
Evoke: Wand              |       |     2 |     9 |    12 |    12 ||    35
  Use: Scroll            |       |    10 |    13 |     6 |    15 ||    44
       Potion            |       |       |       |     3 |     1 ||     4
 Stab: Sleeping          |     1 |     2 |    17 |    12 |    15 ||    47
       Distracted        |       |     1 |     2 |       |     3 ||     6
       Paralysed         |       |       |    13 |    12 |       ||    25
       Fleeing           |       |       |       |       |     1 ||     1
